 Dungeon Crawl Stone Soup version 0.29-a0-322-g68df515428 (webtiles) character file.

Game seed: 8513246401728239491

84 kae the Firebug (level 4, -5/25 HPs)
             Began as a Tengu Fire Elementalist on Apr 7, 2022.
             Slain by a gnoll
             ... wielding a +0 whip
              (7 damage)
             ... on level 3 of the Dungeon.
             The game lasted 00:01:40 (3991 turns).

kae the Firebug (Tengu Fire Elementalist)           Turns: 3991, Time: 00:01:40

Health: -5/25      AC:  2    Str:  9    XL:     4   Next: 46%
Magic:  2/8        EV: 12    Int: 17    God:
Gold:   110        SH:  0    Dex: 14    Spells: 1/7 levels left

rFire   + . .      SeeInvis .   l - +1 short sword (venom)
rCold   . . .      Faith    .   (no shield)
rNeg    . . .      Spirit   .   a - +0 robe
rPois   .          Reflect  .   (helmet restricted)
rElec   .          Harm     .   (no cloak)
rCorr   .          Rampage  .   (no gloves)
Will    .....                   (boots unavailable)
Stlth   ++........              (no amulet)
HPRegen 0.08/turn               e - ring of protection from fire
MPRegen 0.11/turn               (no ring)

@: no status effects
A: beak, talons 3
a: no special abilities


You were on level 3 of the Dungeon.
You visited 1 branch of the dungeon, and saw 3 of its levels.

You collected 110 gold pieces.

Inventory:

Hand Weapons
 l - a +1 short sword of venom (weapon)
Armour
 a - a +0 robe (worn)
Jewellery
 e - a ring of protection from fire (left hand)
 f - a +6 ring of intelligence
Scrolls
 c - a scroll of silence {unknown}
 g - 2 scrolls of identify
 h - a scroll of magic mapping {unknown}
 j - 3 scrolls of blinking {unknown}
 m - a scroll of fear {unknown}
Potions
 b - 2 potions of magic
 d - 4 potions of curing
 i - a potion of cancellation {unknown}
 k - 2 potions of heal wounds {unknown}
 n - a potion of resistance {unknown}
 o - a potion of attraction {unknown}


   Skills:
 + Level 1.3 Fighting
 + Level 1.4 Armour
 + Level 2.7 Dodging
 - Level 2.0 Stealth
 + Level 2.2 Spellcasting
 + Level 2.2 Conjurations
 * Level 4.2 Fire Magic


You had one spell level left.
You knew the following spells:

 Your Spells              Type           Power      Damage    Failure   Level
a - Foxfire               Conj/Fire      48%        2x1d6     4%          1
b - Scorch                Fire           32%        2d7       4%          2
c - Conjure Flame         Conj/Fire      12%        6-21      16%         3

Your spell library contained the following spells:

 Spells                   Type           Power      Damage    Failure   Level
 Magic Dart               Conj           36%        1d4       8%          1
 Freeze                   Ice            4%         1d3       19%         1
 Searing Ray              Conj           18%        2d5       11%         2
 Inner Flame              Hex/Fire       9%         N/A       24%         3
 Corpse Rot               Necr/Air       2%         N/A       28%         2
 Poisonous Vapours        Pois/Air       2%         N/A       28%         2
 Flame Wave               Conj/Fire      12%        2d6       45%         4
 Frozen Ramparts          Ice            2%         1d2       50%         3
 Fulminant Prism          Conj/Hex       2%         3d6       75%         4
 Hailstorm                Conj/Ice       5%         3d4       75%         4


Dungeon Overview and Level Annotations

Branches:
Dungeon (3/15)

Altars:
Qazlal
Wu Jian

Shops:
D:3 (

Annotations:
D:2 Terence


Innate Abilities, Weirdness & Mutations

You have a beak for a mouth.
You have claws for feet.


Message History

The foxfire hits the gnoll.
The gnoll is severely wounded.
Casting: Foxfire (safe; 4% risk of failure)
Confirm with . or Enter, or press ? or * to list all spells.
You conjure some foxfire!
The foxfire hits the gnoll but does no damage.
The gnoll is severely wounded.
The foxfire hits the gnoll.
The gnoll is moderately wounded.
The foxfire hits the gnoll but does no damage.
The gnoll is severely wounded.
Casting: Foxfire (safe; 4% risk of failure)
Confirm with . or Enter, or press ? or * to list all spells.
You conjure some foxfire!
The foxfire hits the gnoll but does no damage.
The gnoll is moderately wounded.
The foxfire hits the gnoll.
The gnoll is heavily wounded.
Casting: Foxfire (safe; 4% risk of failure)
Confirm with . or Enter, or press ? or * to list all spells.
You conjure some foxfire!
The gnoll hits you with a +0 whip.
The foxfire hits the gnoll but does no damage.
The gnoll is severely wounded.
The foxfire hits the gnoll.
The gnoll is severely wounded.
The gnoll barely misses you. x2
You hit the gnoll but do no damage.
The gnoll is severely wounded.
The gnoll hits you with a +0 rapier. The gnoll hits you with a +0 whip.
You are too injured to fight recklessly!
You are too injured to fight recklessly!
You are too injured to fight recklessly!
The gnoll attacks as you move away! The gnoll hits you with a +0 rapier.
The gnoll closely misses you. The gnoll attacks as you move away!
The gnoll closely misses you.
There is a stone staircase leading up here.
The gnoll hits you with a +0 rapier!
* * * LOW HITPOINT WARNING * * *
The gnoll hits you with a +0 whip!
You die...

...###.....#.....#####..###...###
...............................##
................................#
##.†..................###........
..<................##.###.##.....
..........................###....
.........................#####...
.................................
................@.........##....P
...............gg.#.......##.#...
....................####.....#...
............>....................
####.............#########.###...
##.....(......................
#...........))........###..######
###..........................####
..................##########.##..


You could see 2 gnolls.

Vanquished Creatures
  3 adders
  A gnoll (D:3)
  3 worms
  2 bats
  5 endoplasms
  3 giant cockroaches
  2 goblins
  4 hobgoblins
  4 quokkas
  3 ball pythons (D:2)
  2 frilled lizards (D:2)
  3 kobolds
  2 rats (D:3)
37 creatures vanquished.

Vanquished Creatures (others)
  176 foxfires
  2 plants (D:3)
178 creatures vanquished.

Grand Total: 215 creatures vanquished

Notes
Turn   | Place    | Note
-------+----------+-------------------------------------------
     0 | D:1      | kae the Tengu Fire Elementalist began the quest for the
                  | Orb.
     0 | D:1      | Reached XP level 1. HP: 10/10 MP: 4/4
   323 | D:1      | Reached XP level 2. HP: 15/15 MP: 3/6
   386 | D:1      | Found a faded altar of an unknown god.
  1708 | D:2      | Noticed Terence
  2323 | D:1      | Reached XP level 3. HP: 20/20 MP: 0/7
  2387 | D:1      | Learned a level 2 spell: Scorch
  2391 | D:1      | Learned a level 3 spell: Conjure Flame
  2734 | D:2      | Reached skill level 1 in Fighting
  2946 | D:3      | Reached skill level 1 in Armour
  3001 | D:3      | Reached skill level 4 in Fire Magic
  3578 | D:3      | Reached XP level 4. HP: 17/25 MP: 3/8
  3796 | D:3      | Found an ornate altar of the Wu Jian Council.
  3845 | D:3      | Found a stormy altar of Qazlal.
  3855 | D:3      | Found Udimueg's Antique Weapon Shop.
  3991 | D:3      | Slain by a gnoll

Illustrated notes

Levels and vault maps discovered:
D:1:      dpeg_arrival_circle_labyrinth_c, layout_basic,
          hellmonk_ecumenical_altar_arch_garden, minmay_misc_feat_plants
D:2:      layout_basic, uniq_terence
D:3:      layout_rooms, marbit_many_paths, nicolae_overflow_crystal_walls,
          serial_shops, nicolae_shop_overgrown_old_shop

Skill      XL: |  1  2  3 |
---------------+----------+-----
Fighting       | 1 |  1.3
Armour         | 1 |  1.4
Conjurations   | 2 |  2.2
Fire Magic     | 4 |  4.2
Dodging        | |  2.7
Stealth        | |  2.0
Spellcasting   | |  2.2

Action                   |  1- 3 |  4- 6 || total
-------------------------+-------+-------++-------
Melee: Unarmed           |     6 |       ||     6
       Kick              |     5 |       ||     5
       Peck              |     1 |       ||     1
       Short sword       |     2 |     1 ||     3
 Cast: Foxfire           |    91 |    10 ||   101
       Scorch            |     3 |     2 ||     5
  Use: Scroll            |     1 |       ||     1
Armor: Robe              |     5 |       ||     5
Dodge: Dodged            |    35 |     8 ||    43

Table legend: (Time is in decaauts)
 A = Elapsed time spent in this place.
 B = Non-inter-level travel time spent in this place.
 C = Inter-level travel time spent in this place.
 D = Time resting spent in this place.
 E = Time spent auto-exploring this place.
 F = Levels seen in this place.
 G = Mean time per level.
                   A        B        C        D        E       F      G
               +--------+--------+--------+--------+--------+-----+--------+
         Total |   3991 |   3856 |    135 |     66 |   3360 |   3 | 1330.3 |
       Dungeon |   3991 |   3856 |    135 |     66 |   3360 |   3 | 1330.3 |
               +--------+--------+--------+--------+--------+-----+--------+

Top non-repeatable levels by time:
     D:2: 1840 daAuts
     D:1: 1544 daAuts
     D:3: 606 daAuts
